 Dungeon Crawl Stone Soup version 0.29-a0-323-g050149af67 (webtiles) character file.

Game seed: 5875910295385835796

148 MarkedLamb the Skirmisher (level 5, 0/47 HPs)
             Began as a Draconian Chaos Knight on Apr 11, 2022.
             Was a Plaything of Xom.
             Slain by an adder (1 damage)
             ... on level 3 of the Dungeon.
             The game lasted 00:13:02 (1707 turns).

MarkedLamb the Skirmisher (Draconian Chaos Knight)  Turns: 1707, Time: 00:13:03

Health: 0/47       AC:  5    Str: 16    XL:     5   Next: 8%
Magic:  5/5        EV: 12    Int: 12    God:    Xom [......]
Gold:   48         SH:  0    Dex: 11    Spells: 4/4 levels left

rFire   . . .      SeeInvis .   a - +0 spear (chaos)
rCold   . . .      Faith    .   (no shield)
rNeg    . . .      Spirit   .   (body armour unavailable)
rPois   .          Reflect  .   (helmet restricted)
rElec   .          Harm     .   (no cloak)
rCorr   .          Rampage  .   (no gloves)
Will    .....                   (no boots)
Stlth   +.........              (no amulet)
HPRegen 0.15/turn               d - ring of wizardry
MPRegen 0.09/turn               (no ring)

@: no status effects
A: AC +5, unfitting armour, cold-blooded
a: Renounce Religion


You were on level 3 of the Dungeon.
You worshipped Xom.
You were a very special plaything of Xom.
You visited 1 branch of the dungeon, and saw 4 of its levels.

You collected 48 gold pieces.

Inventory:

Hand Weapons
 a - a +0 spear of chaos (weapon)
Armour
 l - a +0 leather armour
 m - a +0 ring mail
Jewellery
 d - a ring of wizardry (left hand)
Scrolls
 f - a scroll of brand weapon {unknown}
 h - 2 scrolls of immolation {unknown}
 i - 3 scrolls of teleportation {unknown}
 n - a scroll of noise {unknown}
 o - a scroll of enchant weapon {unknown}
Potions
 c - a potion of curing {unknown}
 e - a potion of ambrosia {unknown}
 g - a potion of haste {unknown}
 j - a potion of attraction {unknown}
 k - a potion of degeneration {unknown}
Miscellaneous
 b - a piece from Xom's chessboard (15/15) (quivered)


   Skills:
 + Level 4.4 Fighting
 + Level 4.2 Polearms
 + Level 3.1 Dodging
 + Level 0.8 Stealth


You had 4 spell levels left.
You didn't know any spells.
Your spell library contained the following spells:

 Spells                   Type           Power      Damage    Failure   Level
 Alistair's Intoxication  Tmut/Pois      0%         N/A       97%         5
 Borgnjor's Vile Clutch   Necr/Erth      0%         N/A       97%         5
 Eringya's Noxious Bog    Tmut/Pois      0%         N/A       100%        6


Dungeon Overview and Level Annotations

Branches:
Dungeon (4/15)
 Temple: D:4-7

Altars:

Shops:
D:4 [


Innate Abilities, Weirdness & Mutations

Your plain brown scales are hard. (AC +5)
You cannot fit into any form of body armour.
You are cold-blooded and may be slowed by cold attacks.


Message History

You hit the hound but do no damage.
The hound is lightly wounded.
The hound bites you but does no damage.
You hit the hound. You burn the hound. You tail-slap the hound.
The hound is heavily wounded.
The hound misses you.
You hit the hound. You freeze the hound.
Your tail-slap misses the hound.
The hound is severely wounded.
The hound barely misses you. The hound bites you but does no damage.
You hit the hound but do no damage.
The hound goes berserk!
The hound is severely wounded.
The hound bites you but does no damage. The hound bites you.
* * * LOW HITPOINT WARNING * * *
You closely miss the hound.
The hound is severely wounded.
The hound bites you.
* * * LOW HITPOINT WARNING * * *
The hound closely misses you.
You barely miss the hound.
The hound is severely wounded.
The hound closely misses you. The hound misses you.
You hit the hound. You burn the hound.
The hound is almost dead.
The hound bites you.
* * * LOW HITPOINT WARNING * * *
The hound closely misses you. The hound bites you.
* * * LOW HITPOINT WARNING * * *
The hound bites you but does no damage. A mysterious force pulls you upwards.
The hatch slams shut behind you.
The adder hisses angrily.
Found a faintly glowing chain mail.
Found a stone staircase leading down.
You can't go down here!
The hound barely misses you.
The frilled lizard hisses angrily.
The hound closely misses you.
The frilled lizard bites you but does no damage.
The hound bites you!
* * * LOW HITPOINT WARNING * * *
The frilled lizard barely misses you. The adder bites you.
You die...

.......
.......##
........#
........#####
............##
.............##
..............#
.......@l.....#
......Sh.....>#
..#####.......#
#o......#
#.......#
#......##
+[....##
####### .


You could see a hound (berserk), an adder, an orc and a frilled lizard.

Vanquished Creatures
  An orc priest (D:3)
  Jessica (D:2)
  4 adders (D:2)
  An ufetubus (D:4)
  2 worms (D:2)
  3 orcs (D:3)
  2 ball pythons (D:1)
  A giant cockroach (D:2)
  7 goblins
  3 hobgoblins (D:1)
  2 jackals (D:3)
  A quokka (D:2)
  4 bats
  2 frilled lizards (D:1)
  7 kobolds
  5 rats
46 creatures vanquished.

Notes
Turn   | Place    | Note
-------+----------+-------------------------------------------
     0 | D:1      | MarkedLamb the Draconian Chaos Knight began the quest for
                  | the Orb.
     0 | D:1      | Reached XP level 1. HP: 19/19 MP: 1/1
   239 | D:1      | Reached XP level 2. HP: 22/26 MP: 2/2
   261 | D:1      | XOM: silly message
   517 | D:1      | XOM: divination: magic mapping
   602 | D:1      | Found a faded altar of an unknown god.
   710 | D:1      | XOM: silly message
   878 | D:1      | XOM: 2-stop teleportation journey
   941 | D:2      | Reached XP level 3. HP: 21/33 MP: 3/3
  1465 | D:2      | Noticed Jessica
  1471 | D:2      | Reached XP level 4. HP: 40/40 MP: 4/4
  1484 | D:2      | Killed Jessica
  1518 | D:3      | XOM: silly message
  1599 | D:3      | Reached XP level 5. HP: 19/47 MP: 5/5
  1659 | D:4      | Found Xopacauf's Antique Armour Shop.
  1707 | D:3      | HP: 1/47 [hound (7)]
  1707 | D:3      | Slain by an adder

Illustrated notes

Levels and vault maps discovered:
D:1:      minmay_arrival_open_corners, layout_basic,
          chequers_ecumenical_altar_simple
D:2:      layout_loops_cross, uniq_jessica
D:3:      layout_rooms, nemelex_dance_club_becter, lemuel_tele_altar,
          led_xom_imps
D:4:      layout_gridville, mainiacjoe_overflow_surrounded_room, serial_shops,
          shop_statue, nzn_random_ring

Skill      XL: |  1  2  3  4 |
---------------+-------------+-----
Fighting       | 4 |  4.4
Polearms       | 4 |  4.2
Dodging        | 3 |  3.1
Stealth        | |  0.8

Action                   |  1- 3 |  4- 6 || total
-------------------------+-------+-------++-------
Melee: Spear             |    93 |    65 ||   158
       Tailslap          |    15 |     4 ||    19
       Punch             |     2 |       ||     2
 Stab: Paralysed         |     1 |     1 ||     2
Armor: Skin              |    46 |    20 ||    66
Dodge: Dodged            |    59 |    51 ||   110

Table legend: (Time is in decaauts)
 A = Elapsed time spent in this place.
 B = Non-inter-level travel time spent in this place.
 C = Inter-level travel time spent in this place.
 D = Time resting spent in this place.
 E = Time spent auto-exploring this place.
 F = Levels seen in this place.
 G = Mean time per level.
                   A        B        C        D        E       F      G
               +--------+--------+--------+--------+--------+-----+--------+
         Total |   1692 |   1692 |      0 |      0 |    704 |   4 |  423.0 |
       Dungeon |   1692 |   1692 |      0 |      0 |    704 |   4 |  423.0 |
               +--------+--------+--------+--------+--------+-----+--------+

Top non-repeatable levels by time:
     D:1: 923 daAuts
     D:2: 557 daAuts
     D:3: 155 daAuts
     D:4: 57 daAuts
